 Dungeon Sprint DCSS version 0.29.1-12-g30fa7ad0bf (webtiles) character file.

Game seed: 17874521641668641549

4918 Groucho the Covert (level 10, -10/66 HPs)
             Began as a Spriggan Earth Elementalist on Jan 7, 2023.
             Was a High Priest of Vehumet.
             Mangled by Donald
             ... wielding a +0 war axe of holy wrath
              (38 damage)
             ... in the Dungeon (Sprint III: "The Ten Rune Challenge").
             The game lasted 00:15:07 (4574 turns).

Groucho the Covert (Spriggan Earth Elementalist)    Turns: 4574, Time: 00:15:07

Health: -10/66     AC:  2    Str:  4    XL:     10   Next: 27%
Magic:  14/26      EV: 25    Int: 22    God:    Vehumet [*****.]
Gold:   2558       SH:  0    Dex: 17    Spells: 20/31 levels left

rFire   . . .      SeeInvis +   n - +1 dagger (speed)
rCold   . . .      Faith    .   (no shield)
rNeg    . . .      Spirit   .   a - +0 robe
rPois   .          Reflect  .   (helmet restricted)
rElec   .          Harm     .   (no cloak)
rCorr   .          Rampage  .   (gloves unavailable)
Will    +....      NoTele   +   (boots unavailable)
Stlth   ..........              (no amulet)
HPRegen 0.00/turn               (no ring)
MPRegen 0.20/turn               (no ring)

@: berserking, inhibited regen, unable to read, very quick
A: very small, no large weapons, unfitting armour, see invisible, speed 3, horns
1, thin skeletal structure 1, inhibited regeneration, inability to read after
injury 1
a: Renounce Religion


You were in the Dungeon.
You worshipped Vehumet.
Vehumet was extremely pleased with you.
You visited 1 branch You collected 2618 gold pieces.
You spent 60 gold pieces at shops.

Inventory:

Hand Weapons
 n - a +1 dagger of speed (weapon)
Armour
 a - a +0 robe (worn)
Scrolls
 d - a scroll of immolation {unknown}
 g - 2 scrolls of blinking
 h - 3 scrolls of torment {unknown}
 k - a scroll of identify
 m - a scroll of fear
Potions
 b - 3 potions of magic
 c - a potion of curing
 e - a potion of haste
 f - 2 potions of berserk rage
 i - a potion of lignification
 j - a potion of resistance {unknown}
 l - 2 potions of flight


   Skills:
 + Level 12.3 Dodging
 + Level 13.6 Stealth
 + Level 11.3 Spellcasting
 * Level 9.4 Conjurations
 - Level 5.0 Transmutations
 + Level 3.6 Air Magic
 * Level 12.3 Earth Magic
 + Level 4.1 Poison Magic


You had 20 spell levels left.
You knew the following spells:

 Your Spells              Type           Power      Damage    Failure   Level
a - Sandblast             Erth           100%       2d20      1%          1
b - Stone Arrow           Conj/Erth      100%       3d13      1%          3
c - Mephitic Cloud        Conj/Pois/Air  37%        N/A       1%          3
d - Petrify               Tmut/Erth      50%        N/A       1%          4

Your spell library contained the following spells:

 Spells                   Type           Power      Damage    Failure   Level
 Lightning Bolt           Conj/Air       20%        1d35      2%          5
 Passwall                 Tmut/Erth      41%        N/A       1%          2
 Gell's Gravitas          Tloc           12%        N/A       16%         3
 Lesser Beckoning         Tloc           12%        N/A       16%         3
 Teleport Other           Tloc           12%        N/A       16%         3


Dungeon Overview and Level Annotations

Branches:
Dungeon (1/1)

Altars:
Cheibriados
Dithmenos
Elyvilon
Fedhas
Gozag
Hepliaklqana
Kikubaaqudgha
Makhleb
Nemelex Xobeh
Okawaru
Qazlal
Ru
Sif Muna
Trog
Uskayaw
Vehumet
Wu Jian
Xom
Yredelemnul
Zin
The Shining One
Jiyva
Lugonu

Shops:
D *

Annotations:
D Donald, Frances


Innate Abilities, Weirdness & Mutations

You are very small and have problems with some larger weapons.
You are too small for most types of armour.
You have supernaturally acute eyesight. (SInv)
You cover ground extremely quickly. (Speed+++)
You have a pair of small horns on your head.
You have a somewhat thin skeletal structure. (Dex +2, Stealth+)
You do not regenerate when monsters are visible.
You occasionally lose the ability to read scrolls when taking damage.


Message History

Aim: Donald, wielding a +0 war axe of holy wrath, wearing a +0 scale mail and wearing a +0 kite shield of reflection (lightly wounded, strong, reflecting blocked projectiles, 84% to hit)
The stone arrow misses Donald.
Donald gestures wildly while chanting.
Donald seems to speed up.
Unknown command.
Unknown command.
Casting: Stone Arrow (safe; 1% risk of failure)
Confirm with . or Enter, or press ? or * to list all spells.
Aiming: Stone Arrow (safe; 1% risk of failure)
Press: ? - help, Shift-Dir - straight line, f/p - Donald
Aim: Donald, wielding a +0 war axe of holy wrath, wearing a +0 scale mail and wearing a +0 kite shield of reflection (lightly wounded, fast, strong, reflecting blocked projectiles, 84% to hit)
Donald reflects the stone arrow off his +0 kite shield of reflection!
The stone arrow misses you.
Unknown command.
Unknown command.
Casting: Stone Arrow (safe; 1% risk of failure)
Confirm with . or Enter, or press ? or * to list all spells.
Aiming: Stone Arrow (safe; 1% risk of failure)
Press: ? - help, Shift-Dir - straight line, f/p - Donald
Aim: Donald, wielding a +0 war axe of holy wrath, wearing a +0 scale mail and wearing a +0 kite shield of reflection (lightly wounded, fast, strong, reflecting blocked projectiles, 84% to hit)
Donald reflects the stone arrow off his +0 kite shield of reflection!
The stone arrow misses you. Donald barely misses you.
Unknown command.
Unknown command.
Donald hits you with a +0 war axe of holy wrath!
Unknown command.
A red film seems to cover your vision as you go berserk!
You feel yourself moving faster!
You feel mighty!
Donald hits you with a +0 war axe of holy wrath!!
You are too injured to fight recklessly!
You are too injured to fight recklessly!
You are too injured to fight recklessly!
You are too injured to fight recklessly!
You are too injured to fight recklessly!
You puncture Donald! Donald blocks your attack.
Donald is lightly wounded.
Donald hits you with a +0 war axe of holy wrath!!!
You feel threatened and lose the ability to read scrolls!
Ouch! That really hurt!
You die...

▓<..#...#### ##.########
▓...#......#####..#___#___
▓..##.......#..#..#...#__.
▓##.##.##...#..#..###'#'##
##@##.###..##'#..#......)
▓#.####.##..###...).⌠..).)
▓.###..##..####...#...####
▓#.....##@.###.)..#.⌠.#__#
###..##.@.##.....#...#__#
##..##....#......#)###__#
#..###..##)#.....#.).#__#
#..# #.. ####....#___#__'
▓▓▓▓ ▓▓▓ ▓▓▓▓▓▓▓▓▓▓▓▓▓


You could see Donald (fast, strong, reflecting).

Vanquished Creatures
  Erolcha (D)
  A deep elf pyromancer (D)
  2 orc sorcerers (D)
  3 wandering mushrooms (D)
  A shadow (D)
  2 redbacks (D)
  A spatial vortex (D)
  5 orc warriors (D)
  5 two-headed ogres (D)
  A water elemental (D)
  A necrophage (D)
  A jelly (D)
  2 orc priests (D)
  A wizard (D)
  Jessica (D)
  A necromancer (D)
  4 orc wizards (D)
  3 humans (D)
  A kobold demonologist (D)
  A wolf (D)
  5 orcs (D)
  2 endoplasms (D)
  A rat (D)
46 creatures vanquished.

Notes
Turn   | Place    | Note
-------+----------+-------------------------------------------
     0 | D        | Groucho the Spriggan Earth Elementalist began the quest for
                  | the Orb.
     0 | D        | Reached XP level 1. HP: 9/9 MP: 5/5
   470 | D        | Noticed Jessica
   473 | D        | Killed Jessica
   474 | D        | Reached XP level 2. HP: 13/13 MP: 2/8
   474 | D        | Reached XP level 3. HP: 16/16 MP: 2/9
   482 | D        | Learned a level 3 spell: Stone Arrow
  1011 | D        | Reached skill level 5 in Dodging
  1011 | D        | Reached skill level 5 in Earth Magic
  1033 | D        | Gained mutation: You are dopey. (Int -2) [potion of
                  | mutation]
  1033 | D        | Gained mutation: You expend magic power (3 MP) to
                  | strengthen your wands. [potion of mutation]
  1035 | D        | Lost mutation: You expend magic power (3 MP) to strengthen
                  | your wands. [potion of mutation]
  1035 | D        | Lost mutation: You are dopey. (Int -2) [potion of mutation]
  1035 | D        | Gained mutation: You occasionally lose the ability to read
                  | scrolls when taking damage. [potion of mutation]
  1035 | D        | Gained mutation: You do not regenerate when monsters are
                  | visible. [potion of mutation]
  1035 | D        | Gained mutation: You are strong-willed. (Will+) [potion of
                  | mutation]
  1036 | D        | Lost mutation: You are strong-willed. (Will+) [potion of
                  | mutation]
  1036 | D        | Lost mutation: You do not regenerate when monsters are
                  | visible. [potion of mutation]
  1036 | D        | Gained mutation: You have a somewhat thin skeletal
                  | structure. (Dex +2, Stealth+) [potion of mutation]
  1036 | D        | Gained mutation: You do not regenerate when monsters are
                  | visible. [potion of mutation]
  1036 | D        | Gained mutation: You have a pair of small horns on your
                  | head. [potion of mutation]
  1154 | D        | Noticed a water elemental
  1259 | D        | Killed a water elemental
  1260 | D        | Reached skill level 4 in Stealth
  1260 | D        | Reached skill level 5 in Spellcasting
  1260 | D        | Reached skill level 1 in Conjurations
  1260 | D        | Reached skill level 5 in Transmutations
  1260 | D        | Reached XP level 4. HP: 21/21 MP: 9/12
  1290 | D        | Found a radiant altar of Vehumet.
  1293 | D        | Found a shimmering blue altar of Sif Muna.
  1293 | D        | Noticed a wizard
  1294 | D        | Killed a wizard
  1295 | D        | Reached XP level 5. HP: 24/24 MP: 12/14
  1298 | D        | Reached skill level 5 in Stealth
  1298 | D        | Found an ancient bone altar of Kikubaaqudgha.
  1310 | D        | Became a worshipper of Vehumet
  1404 | D        | Found a shadowy altar of Dithmenos.
  1409 | D        | Found a basalt altar of Yredelemnul.
  1409 | D        | Found a sacrificial altar of Ru.
  1417 | D        | Reached skill level 6 in Stealth
  1458 | D        | Found a hide-covered altar of Uskayaw.
  1458 | D        | Found an iron altar of Okawaru.
  1461 | D        | Found a bloodstained altar of Trog.
  1462 | D        | Found an ornate altar of the Wu Jian Council.
  1462 | D        | Noticed a human
  1463 | D        | Noticed a human
  1484 | D        | Killed a human
  1484 | D        | Reached * piety under Vehumet
  1484 | D        | Offered knowledge of Freeze by Vehumet.
  1485 | D        | Reached skill level 7 in Stealth
  1485 | D        | Reached XP level 6. HP: 28/28 MP: 3/17
  1494 | D        | Killed a human
  1495 | D        | Reached skill level 8 in Stealth
  1495 | D        | Reached skill level 5 in Conjurations
  1709 | D        | Found a glowing silver altar of Zin.
  1712 | D        | Found a glowing golden altar of the Shining One.
  1713 | D        | Found a white marble altar of Elyvilon.
  1714 | D        | Noticed a deep elf pyromancer
  1723 | D        | Killed a deep elf pyromancer
  1724 | D        | Reached skill level 9 in Stealth
  1724 | D        | Reached XP level 7. HP: 32/32 MP: 13/20
  1913 | D        | Noticed a shadow
  1924 | D        | Killed a shadow
  1924 | D        | Reached ** piety under Vehumet
  1925 | D        | Reached skill level 10 in Stealth
  1925 | D        | Reached XP level 8. HP: 36/36 MP: 13/21
  2151 | D        | Offered knowledge of Searing Ray by Vehumet.
  2283 | D        | Found a blossoming altar of Fedhas.
  2283 | D        | Found a stormy altar of Qazlal.
  2283 | D        | Found a snail-covered altar of Cheibriados.
  2283 | D        | Found a burning altar of Makhleb.
  2283 | D        | Found a shimmering altar of Xom.
  2285 | D        | Found a hazy altar of Hepliaklqana.
  2285 | D        | Found an opulent altar of Gozag.
  2285 | D        | Found a sparkling altar of Nemelex Xobeh.
  2285 | D        | Found a corrupted altar of Lugonu.
  2285 | D        | Found a viscous altar of Jiyva.
  2441 | D        | Offered knowledge of Mephitic Cloud by Vehumet.
  2457 | D        | Reached skill level 10 in Earth Magic
  2478 | D        | Reached *** piety under Vehumet
  2479 | D        | Reached skill level 10 in Dodging
  2673 | D        | Noticed a two-headed ogre
  2702 | D        | Killed a two-headed ogre
  2703 | D        | Reached skill level 11 in Stealth
  2926 | D        | Learned a level 3 spell: Mephitic Cloud
  2934 | D        | Found Zoik's General Store.
  2937 | D        | Offered knowledge of Flame Wave by Vehumet.
  2937 | D        | Noticed an orc sorcerer
  2943 | D        | Reached **** piety under Vehumet
  3065 | D        | Noticed an orange demon
  3066 | D        | Killed an orc sorcerer
  3067 | D        | Reached skill level 12 in Stealth
  3067 | D        | Reached skill level 10 in Spellcasting
  3067 | D        | Reached XP level 9. HP: 29/39 MP: 19/24
  3070 | D        | Offered knowledge of Irradiate by Vehumet.
  3203 | D        | Reached ***** piety under Vehumet
  3258 | D        | Offered knowledge of Starburst by Vehumet.
  3303 | D        | Reached skill level 1 in Air Magic
  3303 | D        | Reached skill level 1 in Poison Magic
  3467 | D        | Bought a scroll of identify for 20 gold pieces
  3467 | D        | Bought a scroll of fear for 40 gold pieces
  3491 | D        | Noticed a two-headed ogre
  3513 | D        | Noticed an orc sorcerer
  3519 | D        | Killed an orc sorcerer
  3592 | D        | Noticed Erolcha
  3602 | D        | Offered knowledge of Lightning Bolt by Vehumet.
  3609 | D        | Killed Erolcha
  3610 | D        | Reached skill level 13 in Stealth
  3610 | D        | Reached XP level 10. HP: 38/44 MP: 3/26
  4081 | D        | Learned a level 4 spell: Petrify
  4082 | D        | Noticed Frances
  4083 | D        | Noticed Donald
  4574 | D        | Mangled by Donald

Illustrated notes

Levels and vault maps discovered:
D:        dungeon_sprint_mu [sprint_mu_entry_cave, sprint_mu_temple_rooms,
          sprint_mu_d1_spiders, sprint_mu_d2_genie, sprint_mu_d3_branching,
          sprint_mu_orc_legion, sprint_mu_elf_gauntlet, sprint_mu_hive_nellie,
          sprint_mu_lair_fedhas, sprint_mu_vaults_butterflies,
          sprint_mu_slime_circle, sprint_mu_shoals_archi,
          sprint_mu_snake_twists, sprint_mu_blade_basic,
          sprint_mu_crypt_chambers, sprint_mu_tomb_spiral,
          sprint_mu_vestibule_basic, sprint_mu_gehenna_hellfire,
          sprint_mu_dis_giant, sprint_mu_tartarus_statrot,
          sprint_mu_cocytus_islands, sprint_mu_zot1]

Skill      XL: |  1  2  3  4  5  6  7  8  9 10 |
---------------+-------------------------------+-----
Dodging        | 4 5 6 7 9 11 12 | 12.3
Earth Magic    | 4 5 6 7 9 11 12 | 12.3
Spellcasting   | 4 5 7 8 10 11 | 11.3
Transmutations | 3 5 |  5.0
Stealth        | 4 7 9 10 12 13 | 13.6
Conjurations   | 1 2 4 6 8 9 |  9.4
Air Magic      | 2 3 |  3.6
Poison Magic   | 3 4 |  4.1

Action                   |  1- 3 |  4- 6 |  7- 9 | 10-12 || total
-------------------------+-------+-------+-------+-------++-------
Melee: Dagger            |       |       |       |     1 ||     1
 Cast: Sandblast         |    27 |    14 |    31 |     8 ||    80
       Stone Arrow       |       |     6 |    37 |    23 ||    66
       Mephitic Cloud    |       |       |     3 |       ||     3
  Use: Potion            |     5 |       |       |     2 ||     7
       Scroll            |       |       |     1 |       ||     1
Armor: Robe              |       |       |     2 |       ||     2
Dodge: Dodged            |    11 |     5 |     5 |     8 ||    29
